Washington Capitals vs Minnesota North Stars
Created - Tuesday, November 26, 2024 at 08:51
Goals
|
| Washington Capitals |
2 |
0 |
0 |
2 |
| Minnesota North Stars |
3 |
1 |
1 |
5 |
|
Shots
|
| Washington Capitals |
10 |
11 |
12 |
33 |
| Minnesota North Stars |
12 |
13 |
9 |
34 |
|
1st period
1. Minnesota North Stars , Valeri Nichushkin 22 (Jack Hughes 32, Frank Vatrano 34) at 3:49 (PP)
2. Washington Capitals , Jordan Kyrou 25 (Derek Forbort 5, Jake Oettinger) at 8:00
3. Washington Capitals , Vladimir Tarasenko 22 (Nick Foligno 28, Jamie Oleksiak 13) at 10:50
4. Minnesota North Stars , Valeri Nichushkin 23 (Jack Hughes 33, Brock Nelson 36) at 11:00
5. Minnesota North Stars , William Karlsson 27 (Frank Vatrano 35, William Eklund 16) at 12:18
Penalties :
Derek Forbort (WSH) for Hooking (Minor) at 0:59, Nico Hischier (WSH) for Interference (Minor) at 3:37, Gustav Forsling (MNS) for Slashing (Minor) at 6:00, Jordan Kyrou (WSH) for Cross-checking (Minor) at 14:22
2nd period
6. Minnesota North Stars , Evgeni Malkin 26 (Dylan DeMelo 12, Yegor Sharangovich 10) at 12:09
Penalties :
Neal Pionk (MNS) for Slashing (Minor) at 13:23
3rd period
7. Minnesota North Stars , Eeli Tolvanen 3 (Evan Rodrigues 10, Ryan Nugent-Hopkins 27) at 11:41
Penalties :
Nick Foligno (WSH) for Roughing (Minor) at 8:24, Justin Faulk (MNS) for Roughing (Minor) at 15:45
Goalie Stats
Jake Oettinger (WSH), 29 saves from 34 shots - (0.853), L, 25-12-2, 60:00 minutes
Stuart Skinner (MNS), 31 saves from 33 shots - (0.939), W, 16-22-3, 60:00 minutes
Players Stats for Washington Capitals
Player Name G A P +/- PIM S H SB GA TA FO MP PP MP PK MP
------------------------------------------------------------------------------------
Alex Ovechkin 0 0 0 -3 0 4 3 1 0 0 1/1 19:19 3:25 0:00
Brad Marchand 0 0 0 -1 0 2 1 1 2 0 1/2 17:23 0:00 3:06
Derek Forbort 0 1 1 1 2 0 1 1 0 2 0/0 21:13 2:26 2:08
Drake Batherson 0 0 0 0 0 2 0 0 0 0 0/0 8:42 0:00 1:02
Fabian Zetterlund 0 0 0 0 0 1 0 3 0 0 0/0 10:00 0:00 2:19
Ian Cole 0 0 0 -2 0 1 3 1 0 1 0/0 17:24 0:24 3:07
Jamie Oleksiak 0 1 1 0 0 2 3 0 1 1 0/0 22:28 2:14 2:52
Jason Robertson 0 0 0 -3 0 2 1 1 2 0 0/5 19:19 3:25 0:00
John Carlson 0 0 0 -1 0 1 0 1 1 0 0/0 21:09 3:19 0:00
Jordan Kyrou 1 0 1 0 2 6 2 0 0 0 0/0 16:51 2:32 0:00
Michael McLeod 0 0 0 0 0 2 0 1 0 0 3/4 9:30 0:00 1:49
Mikael Backlund 0 0 0 -1 0 3 0 0 0 2 8/15 17:23 0:00 3:06
Nick Foligno 0 1 1 2 2 1 1 0 0 1 3/9 13:39 2:32 0:39
Nick Jensen 0 0 0 -2 0 0 0 3 0 0 0/0 16:52 0:00 3:07
Nico Hischier 0 0 0 -3 2 4 3 1 0 0 9/31 19:35 3:25 0:17
Owen Tippett 0 0 0 1 0 0 0 0 0 0 0/0 9:49 0:00 0:00
Thomas Harley 0 0 0 0 0 1 0 2 1 1 0/0 21:03 3:31 1:04
Vladimir Tarasenko 1 0 1 2 0 1 2 0 1 0 0/0 12:08 2:32 0:00
Players Stats for Minnesota North Stars
Player Name G A P +/- PIM S H SB GA TA FO MP PP MP PK MP
------------------------------------------------------------------------------------
Brock Nelson 0 1 1 1 0 1 1 0 1 0 1/1 16:36 3:02 0:00
Dylan DeMelo 0 1 1 1 0 0 2 0 0 1 0/0 18:00 0:00 2:45
Eeli Tolvanen 1 0 1 1 0 2 0 0 0 2 0/0 8:34 0:00 0:00
Evan Rodrigues 0 1 1 1 0 1 0 0 0 0 0/0 8:34 0:00 0:00
Evgeni Malkin 1 0 1 0 0 4 2 1 0 1 8/15 16:00 3:02 0:00
Frank Vatrano 0 2 2 1 0 3 1 0 1 0 0/0 18:23 3:07 2:52
Gustav Forsling 0 0 0 0 2 1 0 3 0 2 0/0 21:05 2:42 1:52
Jack Hughes 0 2 2 1 0 2 0 0 1 0 18/23 16:50 3:07 0:00
Justin Faulk 0 0 0 0 2 2 1 0 1 0 0/0 21:36 3:27 1:58
Lawson Crouse 0 0 0 -1 0 4 1 0 0 0 1/1 16:20 0:00 2:58
Matt Roy 0 0 0 1 0 1 1 2 0 1 0/0 16:31 0:00 0:06
Neal Pionk 0 0 0 1 2 1 2 2 0 0 0/0 19:44 2:42 1:34
Rasmus Dahlin 0 0 0 0 0 1 0 1 1 0 0/0 23:13 3:27 3:39
Ryan Nugent-Hopkins 0 1 1 1 0 2 1 0 1 0 2/8 11:26 0:00 2:52
Valeri Nichushkin 2 0 2 1 0 4 2 0 1 0 1/4 16:50 3:07 0:00
William Eklund 0 1 1 1 0 0 0 1 1 1 0/0 12:33 0:00 0:07
William Karlsson 1 0 1 0 0 3 0 0 0 0 11/15 18:28 3:02 2:58
Yegor Sharangovich 0 1 1 0 0 2 0 0 0 0 0/0 13:16 0:00 0:07
3 Stars
1 - Valeri Nichushkin (MNS)
2 - Frank Vatrano (MNS)
3 - Stuart Skinner (MNS)
Power Play
Washington Capitals - 0 on 4 Attempt(s) - 0.00%
Minnesota North Stars - 1 on 3 Attempt(s) - 33.33%
Penalty Kill
Washington Capitals - 2 on 3 Attempt(s) - 66.67%
- Score 0 goal in Penalty Kill
Minnesota North Stars - 4 on 4 Attempt(s) - 100.00%
- Score 0 goal in Penalty Kill
Team Stat
Washington Capitals - Hits : 20 - Faceoff Wins : 25 - Blocked Shots : 16 - Penalty Minutes : 8
Minnesota North Stars - Hits : 14 - Faceoff Wins : 42 - Blocked Shots : 10 - Penalty Minutes : 6
Official
Referees : Mitch Dunning and Peter Macdougall
Linesman : Scott Cherrey and Julien Fournier
Game Notes
3:58 of 2nd period - Penalty Shot by Rasmus Dahlin for Minnesota North Stars - Stopped by Jake Oettinger
Finance
Level 1 -- Attendance: 4785 (79.75%) -- Ticket Income $478,500
Level 2 -- Attendance: 3450 (69.00%) -- Ticket Income $207,000
Level 3 -- Attendance: 2089 (69.63%) -- Ticket Income $73,115
Level 4 -- Attendance: 3450 (69.00%) -- Ticket Income $86,250
Luxury Box -- Attendance: 720 (72.00%) -- Ticket Income $144,000
Game was played at the Met Center.
Total Attendance: 14494 (72.47%)
Total Ticket Income: $988,865
Other Income: $346,103
Total Income: $1,334,968
Washington Capitals
5 vs 5 Forward
Center Left Wing Right Wing Time % Phy DF OF
1 Nico Hischier Alex Ovechkin Jason Robertson 40 1 1 3
2 Mikael Backlund Brad Marchand Jordan Kyrou 30 1 1 3
3 Nick Foligno Vladimir Tarasenko Owen Tippett 20 1 1 3
4 Michael McLeod Drake Batherson Fabian Zetterlund 10 1 1 3
5 vs 5 Defense
Defense Defense Time % Phy DF OF
1 John Carlson Jamie Oleksiak 37 2 3 0
2 Derek Forbort Thomas Harley 35 2 3 0
3 Ian Cole Nick Jensen 28 2 3 0
4 John Carlson Derek Forbort 0 2 3 0
PowerPlay Forward
Center Left Wing Right Wing Time % Phy DF OF
1 Nico Hischier Alex Ovechkin Jason Robertson 60 1 2 2
2 Nick Foligno Vladimir Tarasenko Jordan Kyrou 40 1 2 2
PowerPlay Defense
Defense Defense Time % Phy DF OF
1 John Carlson Thomas Harley 60 1 2 2
2 Jamie Oleksiak Derek Forbort 40 1 2 2
Penalty Kill 4 Players Forward
Center Wing Time % Phy DF OF
1 Mikael Backlund Brad Marchand 60 1 2 2
2 Michael McLeod Fabian Zetterlund 40 1 2 2
Penalty Kill 4 Players Defense
Defense Defense Time % Phy DF OF
1 Derek Forbort Jamie Oleksiak 60 1 2 2
2 Nick Jensen Ian Cole 40 1 2 2
Penalty Kill - 3 Players Forward
Forward Time % Phy DF OF
1 Mikael Backlund 60 1 2 2
2 Michael McLeod 40 1 2 2
Penalty Kill - 3 Players Defense
Defense Defense Time % Phy DF OF
1 Derek Forbort Jamie Oleksiak 60 1 2 2
2 Nick Jensen Ian Cole 40 1 2 2
4 vs 4 Forward
Center Wing Time % Phy DF OF
1 Nico Hischier Alex Ovechkin 60 1 2 2
2 Nick Foligno Jason Robertson 40 1 2 2
4 vs 4 Defense
Defense Defense Time % Phy DF OF
1 John Carlson Thomas Harley 60 1 2 2
2 Jamie Oleksiak Derek Forbort 40 1 2 2
Last Minutes Offensive
Center Left Wing Right Wing Defense Defense
Nico Hischier Alex Ovechkin Jason Robertson John Carlson Thomas Harley
Last Minutes Defensive
Center Left Wing Right Wing Defense Defense
Mikael Backlund Brad Marchand Nick Foligno Derek Forbort Jamie Oleksiak
Goaltenders
Starting : Jake Oettinger
Backup : Sergei Bobrovsky
Extra Forwards
Normal : Owen Tippett, Drake Batherson, Jordan Kyrou - PP : Owen Tippett, Fabian Zetterlund - PK : Fabian Zetterlund
Extra Defensemen
Normal : Thomas Harley, Jamie Oleksiak, Ian Cole - PP : Derek Forbort - PK : Jamie Oleksiak, Thomas Harley
Penalty Shots
Jason Robertson, Drake Batherson, John Carlson, Vladimir Tarasenko, Jordan Kyrou
Scratches
Yegor Chinakhov (Healthy), Stefan Noesen (Healthy)
Minnesota North Stars
5 vs 5 Forward
Center Left Wing Right Wing Time % Phy DF OF
1 Jack Hughes Brock Nelson Valeri Nichushkin 29 0 2 3
2 William Karlsson William Eklund Frank Vatrano 27 0 2 3
3 Evgeni Malkin Yegor Sharangovich Lawson Crouse 27 0 2 3
4 Ryan Nugent-Hopkins Evan Rodrigues Eeli Tolvanen 17 0 2 3
5 vs 5 Defense
Defense Defense Time % Phy DF OF
1 Rasmus Dahlin Justin Faulk 34 2 2 1
2 Neal Pionk Dylan DeMelo 33 2 2 1
3 Matt Roy Gustav Forsling 33 2 2 1
4 Rasmus Dahlin Justin Faulk 0 1 2 2
PowerPlay Forward
Center Left Wing Right Wing Time % Phy DF OF
1 Jack Hughes Valeri Nichushkin Frank Vatrano 50 0 0 5
2 Evgeni Malkin Brock Nelson William Karlsson 50 0 0 5
PowerPlay Defense
Defense Defense Time % Phy DF OF
1 Rasmus Dahlin Justin Faulk 50 0 1 4
2 Neal Pionk Gustav Forsling 50 0 1 4
Penalty Kill 4 Players Forward
Center Wing Time % Phy DF OF
1 William Karlsson Lawson Crouse 50 1 3 1
2 Ryan Nugent-Hopkins Frank Vatrano 50 1 3 1
Penalty Kill 4 Players Defense
Defense Defense Time % Phy DF OF
1 Rasmus Dahlin Justin Faulk 50 1 4 0
2 Neal Pionk Gustav Forsling 50 1 4 0
Penalty Kill - 3 Players Forward
Forward Time % Phy DF OF
1 William Karlsson 50 1 3 1
2 Ryan Nugent-Hopkins 50 1 3 1
Penalty Kill - 3 Players Defense
Defense Defense Time % Phy DF OF
1 Rasmus Dahlin Justin Faulk 50 1 4 0
2 Neal Pionk Gustav Forsling 50 1 4 0
4 vs 4 Forward
Center Wing Time % Phy DF OF
1 Evgeni Malkin Brock Nelson 50 0 2 3
2 William Karlsson Jack Hughes 50 0 2 3
4 vs 4 Defense
Defense Defense Time % Phy DF OF
1 Rasmus Dahlin Justin Faulk 50 1 2 2
2 Neal Pionk Gustav Forsling 50 1 2 2
Last Minutes Offensive
Center Left Wing Right Wing Defense Defense
Evgeni Malkin Valeri Nichushkin Frank Vatrano Rasmus Dahlin Justin Faulk
Last Minutes Defensive
Center Left Wing Right Wing Defense Defense
Evgeni Malkin Valeri Nichushkin Frank Vatrano Rasmus Dahlin Justin Faulk
Goaltenders
Starting : Stuart Skinner
Backup : Charlie Lindgren
Extra Forwards
Normal : Ryan Nugent-Hopkins, Lawson Crouse, William Eklund - PP : Ryan Nugent-Hopkins, Lawson Crouse - PK : William Eklund
Extra Defensemen
Normal : Matt Roy, Dylan DeMelo, Neal Pionk - PP : Matt Roy - PK : Dylan DeMelo, Neal Pionk
Penalty Shots
Valeri Nichushkin, Evgeni Malkin, William Karlsson, Jack Hughes, Brock Nelson
Scratches
Jonas Brodin (Healthy), Viktor Arvidsson (Healthy), Roni Hirvonen (Healthy), Oskari Salminen (Healthy)
% Time on Ice - Washington Capitals
Lines # - Real PCT - Wanted PCT - Time Play
Normal Forward
1 - 34% - 40% - 16:20
2 - 31% - 30% - 14:45
3 - 20% - 20% - 9:35
4 - 15% - 10% - 7:14
Normal Defense
1 - 37% - 37% - 17:41
2 - 35% - 35% - 16:47
3 - 27% - 28% - 12:57
4 - 1% - 0% - 0:29
PP Forward
1 - 57% - 60% - 3:25
2 - 43% - 40% - 2:32
PP Defense
1 - 59% - 60% - 3:31
2 - 41% - 40% - 2:26
PK Forward
1 - 70% - 60% - 4:20
2 - 30% - 40% - 1:49
PK Defense
1 - 49% - 60% - 3:02
2 - 51% - 40% - 3:07
PK3 Forward
1 - 0% - 60%
2 - 0% - 40%
PK3 Defense
1 - 0% - 60%
2 - 0% - 40%
44 Forward
1 - 0% - 60%
2 - 0% - 40%
44 Defense
1 - 0% - 60%
2 - 0% - 40%
Last Minute Offensive - 0:00
Last Minute Defensive - 0:00
Total
Forward - 60:00
Defense - 60:00
|
% Time on Ice - Minnesota North Stars
Lines # - Real PCT - Wanted PCT - Time Play
Normal Forward
1 - 29% - 29% - 13:56
2 - 26% - 27% - 12:15
3 - 27% - 27% - 13:09
4 - 18% - 17% - 8:34
Normal Defense
1 - 34% - 34% - 16:08
2 - 32% - 33% - 15:29
3 - 34% - 33% - 16:17
4 - 0% - 0% - 0:00
PP Forward
1 - 51% - 50% - 3:07
2 - 49% - 50% - 3:02
PP Defense
1 - 56% - 50% - 3:27
2 - 44% - 50% - 2:42
PK Forward
1 - 50% - 50% - 2:58
2 - 50% - 50% - 2:59
PK Defense
1 - 55% - 50% - 3:17
2 - 45% - 50% - 2:40
PK3 Forward
1 - 0% - 50%
2 - 0% - 50%
PK3 Defense
1 - 0% - 50%
2 - 0% - 50%
44 Forward
1 - 0% - 50%
2 - 0% - 50%
44 Defense
1 - 0% - 50%
2 - 0% - 50%
Last Minute Offensive - 0:00
Last Minute Defensive - 0:00
Total
Forward - 60:00
Defense - 60:00
|
Play-by-Play
1st period
0:01 of 1st period - Jack Hughes wins face-off versus Nico Hischier in neutral zone.
0:26 of 1st period - Rasmus Dahlin is hit by Jamie Oleksiak and loses puck.
0:35 of 1st period - Slapshot by Frank Vatrano.
0:35 of 1st period - Stopped by Jake Oettinger without a rebound.
0:36 of 1st period - Evgeni Malkin wins face-off versus Nick Foligno in Washington Capitals zone.
0:59 of 1st period - Minor Penalty to Derek Forbort for Hooking.
1:00 of 1st period - Jack Hughes wins face-off versus Mikael Backlund in Washington Capitals zone.
2:59 of 1st period - Penalty to Derek Forbort is over, Derek Forbort is back on ice.
3:26 of 1st period - Gustav Forsling is hit by Jason Robertson and loses puck.
3:37 of 1st period - Minor Penalty to Nico Hischier for Interference.
3:38 of 1st period - Mikael Backlund wins face-off versus Jack Hughes in Washington Capitals zone.
3:47 of 1st period - Snap shot by Jack Hughes.
3:47 of 1st period - Stopped by Jake Oettinger with a rebound.
3:49 of 1st period - Snap shot by Jack Hughes.
3:49 of 1st period - Deflect By Valeri Nichushkin.
3:49 of 1st period - Deflect By Mikael Backlund.
3:49 of 1st period - Goal by Valeri Nichushkin - Washington Capitals : 0 - Minnesota North Stars : 1.
3:50 of 1st period - Mikael Backlund wins face-off versus Valeri Nichushkin in neutral zone.
4:22 of 1st period - Ian Cole is hit by Dylan DeMelo and loses puck.
5:42 of 1st period - Snap shot by Nico Hischier.
5:42 of 1st period - Shot Blocked by Gustav Forsling.
5:50 of 1st period - Wrist shot by Nico Hischier.
5:50 of 1st period - Shot Misses the Net.
6:00 of 1st period - Minor Penalty to Gustav Forsling for Slashing.
6:01 of 1st period - William Karlsson wins face-off versus Nico Hischier in Minnesota North Stars zone.
6:06 of 1st period - Snap shot by William Karlsson.
6:06 of 1st period - Stopped by Jake Oettinger without a rebound.
6:07 of 1st period - William Karlsson wins face-off versus Nico Hischier in Washington Capitals zone.
6:26 of 1st period - Icing by Jason Robertson.
6:27 of 1st period - Nico Hischier wins face-off versus Ryan Nugent-Hopkins in Washington Capitals zone.
6:45 of 1st period - Wrist shot by Alex Ovechkin.
6:45 of 1st period - Shot Misses the Net.
7:25 of 1st period - Wrist shot by Jordan Kyrou.
7:25 of 1st period - Stopped by Stuart Skinner without a rebound.
7:26 of 1st period - Nick Foligno wins face-off versus Ryan Nugent-Hopkins in Minnesota North Stars zone.
7:35 of 1st period - Backhand shot by Jordan Kyrou.
7:35 of 1st period - Stopped by Stuart Skinner without a rebound.
7:36 of 1st period - Ryan Nugent-Hopkins wins face-off versus Nick Foligno in Minnesota North Stars zone.
7:36 of 1st period - Ryan Nugent-Hopkins is hit by Jamie Oleksiak.
8:00 of 1st period - Penalty to Gustav Forsling is over, Gustav Forsling is back on ice.
8:00 of 1st period - Wrist shot by Jordan Kyrou.
8:00 of 1st period - Goal by Jordan Kyrou - Washington Capitals : 1 - Minnesota North Stars : 1.
8:01 of 1st period - Jack Hughes wins face-off versus Jason Robertson in neutral zone.
8:18 of 1st period - Off-side.
8:19 of 1st period - Mikael Backlund wins face-off versus Evgeni Malkin in neutral zone.
8:22 of 1st period - Snap shot by Jordan Kyrou.
8:22 of 1st period - Stopped by Stuart Skinner with a rebound.
8:24 of 1st period - Slapshot by Mikael Backlund.
8:24 of 1st period - Shot Misses the Net.
8:26 of 1st period - Slapshot by Jamie Oleksiak.
8:26 of 1st period - Stopped by Stuart Skinner without a rebound.
8:27 of 1st period - Evgeni Malkin wins face-off versus Mikael Backlund in Minnesota North Stars zone.
8:52 of 1st period - Slapshot by Brad Marchand.
8:52 of 1st period - Shot Misses the Net.
8:54 of 1st period - Snap shot by John Carlson.
8:54 of 1st period - Stopped by Stuart Skinner without a rebound.
8:55 of 1st period - William Karlsson wins face-off versus Jason Robertson in Minnesota North Stars zone.
10:11 of 1st period - Off-side.
10:12 of 1st period - Nico Hischier wins face-off versus Jack Hughes in neutral zone.
10:38 of 1st period - Rasmus Dahlin is hit by Vladimir Tarasenko.
10:48 of 1st period - Wrist shot by Vladimir Tarasenko.
10:48 of 1st period - Shot Misses the Net.
10:50 of 1st period - Snap shot by Vladimir Tarasenko.
10:50 of 1st period - Goal by Vladimir Tarasenko - Washington Capitals : 2 - Minnesota North Stars : 1.
10:51 of 1st period - Jack Hughes wins face-off versus Nico Hischier in neutral zone.
11:00 of 1st period - Wrist shot by Valeri Nichushkin.
11:00 of 1st period - Goal by Valeri Nichushkin - Washington Capitals : 2 - Minnesota North Stars : 2.
11:01 of 1st period - Jack Hughes wins face-off versus Nico Hischier in neutral zone.
11:18 of 1st period - Snap shot by Nico Hischier.
11:18 of 1st period - Stopped by Stuart Skinner without a rebound.
11:19 of 1st period - Mikael Backlund wins face-off versus Evgeni Malkin in Minnesota North Stars zone.
11:28 of 1st period - Lawson Crouse is hit by Jordan Kyrou.
11:34 of 1st period - Brad Marchand is hit by Neal Pionk and loses puck.
11:49 of 1st period - Wrist shot by Ryan Nugent-Hopkins.
11:49 of 1st period - Shot Blocked by Alex Ovechkin.
11:51 of 1st period - Snap shot by Eeli Tolvanen.
11:51 of 1st period - Stopped by Jake Oettinger with a rebound.
11:53 of 1st period - Slapshot by Rasmus Dahlin.
11:53 of 1st period - Shot Misses the Net.
11:55 of 1st period - Slapshot by Justin Faulk.
11:55 of 1st period - Deflect By Ryan Nugent-Hopkins.
11:55 of 1st period - Stopped by Jake Oettinger with a rebound.
11:57 of 1st period - Backhand shot by Justin Faulk.
11:57 of 1st period - Stopped by Jake Oettinger with a rebound.
11:59 of 1st period - Snap shot by Justin Faulk.
11:59 of 1st period - Shot Blocked by John Carlson.
12:18 of 1st period - Snap shot by William Karlsson.
12:18 of 1st period - Goal by William Karlsson - Washington Capitals : 2 - Minnesota North Stars : 3.
12:19 of 1st period - Jack Hughes wins face-off versus Brad Marchand in neutral zone.
12:26 of 1st period - Wrist shot by Jack Hughes.
12:26 of 1st period - Shot Misses the Net.
12:47 of 1st period - Off-side.
12:48 of 1st period - Nico Hischier wins face-off versus Evgeni Malkin in neutral zone.
13:03 of 1st period - Snap shot by Evgeni Malkin.
13:03 of 1st period - Stopped by Jake Oettinger without a rebound.
13:04 of 1st period - Ryan Nugent-Hopkins wins face-off versus Nick Foligno in Washington Capitals zone.
13:13 of 1st period - Wrist shot by Owen Tippett.
13:13 of 1st period - Shot Misses the Net.
13:49 of 1st period - Snap shot by William Karlsson.
13:49 of 1st period - Shot Misses the Net.
14:22 of 1st period - Minor Penalty to Jordan Kyrou for Cross-checking.
14:23 of 1st period - Mikael Backlund wins face-off versus Evgeni Malkin in Washington Capitals zone.
14:23 of 1st period - Mikael Backlund is hit by Justin Faulk.
14:37 of 1st period - Wrist shot by William Karlsson.
14:37 of 1st period - Shot Blocked by Nick Jensen.
14:39 of 1st period - Slapshot by Justin Faulk.
14:39 of 1st period - Shot Misses the Net.
16:22 of 1st period - Penalty to Jordan Kyrou is over, Jordan Kyrou is back on ice.
16:33 of 1st period - Thomas Harley is hit by Ryan Nugent-Hopkins and loses puck.
17:23 of 1st period - Snap shot by Yegor Sharangovich.
17:23 of 1st period - Stopped by Jake Oettinger without a rebound.
17:24 of 1st period - Jack Hughes wins face-off versus Nick Foligno in Washington Capitals zone.
17:25 of 1st period - Slapshot by Valeri Nichushkin.
17:25 of 1st period - Shot Misses the Net.
17:27 of 1st period - Slapshot by Justin Faulk.
17:27 of 1st period - Stopped by Jake Oettinger without a rebound.
17:28 of 1st period - Jack Hughes wins face-off versus Nico Hischier in Washington Capitals zone.
18:32 of 1st period - Snap shot by Frank Vatrano.
18:32 of 1st period - Shot Misses the Net.
18:49 of 1st period - Neal Pionk is hit by Ian Cole and loses puck.
18:58 of 1st period - Nick Foligno is hit by Neal Pionk and loses puck.
19:09 of 1st period - Gustav Forsling is hit by Nico Hischier and loses puck.
19:14 of 1st period - Wrist shot by Alex Ovechkin.
19:14 of 1st period - Deflect By Nico Hischier.
19:14 of 1st period - Shot Misses the Net.
19:14 of 1st period - Puck is out of play.
19:15 of 1st period - William Karlsson wins face-off versus Nico Hischier in Minnesota North Stars zone.
19:15 of 1st period - William Karlsson is hit by Alex Ovechkin.
19:37 of 1st period - Frank Vatrano is hit by Nico Hischier.
19:41 of 1st period - Snap shot by Jason Robertson.
19:41 of 1st period - Stopped by Stuart Skinner with a rebound.
19:43 of 1st period - Snap shot by Jamie Oleksiak.
19:43 of 1st period - Deflect By Alex Ovechkin.
19:43 of 1st period - Shot Misses the Net.
19:43 of 1st period - Puck is out of play.
19:44 of 1st period - Brad Marchand wins face-off versus Evgeni Malkin in Minnesota North Stars zone.
19:45 of 1st period - Wrist shot by Mikael Backlund.
19:45 of 1st period - Stopped by Stuart Skinner with a rebound.
19:53 of 1st period - Snap shot by Evgeni Malkin.
19:53 of 1st period - Shot Blocked by Nick Jensen.
19:55 of 1st period - Slapshot by Dylan DeMelo.
19:55 of 1st period - Shot Blocked by Brad Marchand.
Goals for this period are 2 for Washington Capitals vs 3 for Minnesota North Stars.
Shots for this period are 10 for Washington Capitals vs 12 for Minnesota North Stars.
2nd period
0:01 of 2nd period - Jack Hughes wins face-off versus Nico Hischier in neutral zone.
0:16 of 2nd period - Snap shot by Alex Ovechkin.
0:16 of 2nd period - Shot Blocked by Gustav Forsling.
0:52 of 2nd period - Snap shot by Vladimir Tarasenko.
0:52 of 2nd period - Shot Blocked by Matt Roy.
1:39 of 2nd period - Slapshot by Jack Hughes.
1:39 of 2nd period - Shot Misses the Net.
2:13 of 2nd period - Wrist shot by Yegor Sharangovich.
2:13 of 2nd period - Stopped by Jake Oettinger with a rebound.
2:15 of 2nd period - Slapshot by Rasmus Dahlin.
2:15 of 2nd period - Shot Blocked by Thomas Harley.
2:17 of 2nd period - Slapshot by Lawson Crouse.
2:17 of 2nd period - Stopped by Jake Oettinger with a rebound.
2:19 of 2nd period - Snap shot by Evgeni Malkin.
2:19 of 2nd period - Shot Blocked by Fabian Zetterlund.
2:21 of 2nd period - Slapshot by Rasmus Dahlin.
2:21 of 2nd period - Shot Blocked by Fabian Zetterlund.
2:23 of 2nd period - Slapshot by Evgeni Malkin.
2:23 of 2nd period - Shot Blocked by Fabian Zetterlund.
2:25 of 2nd period - Snap shot by Lawson Crouse.
2:25 of 2nd period - Stopped by Jake Oettinger with a rebound.
2:34 of 2nd period - Icing by Derek Forbort.
2:35 of 2nd period - Michael McLeod wins face-off versus Ryan Nugent-Hopkins in Washington Capitals zone.
2:40 of 2nd period - Neal Pionk is hit by Alex Ovechkin and loses puck.
3:03 of 2nd period - Brad Marchand is hit by Valeri Nichushkin and loses puck.
3:32 of 2nd period - Wrist shot by Nick Foligno.
3:32 of 2nd period - Stopped by Stuart Skinner with a rebound.
3:34 of 2nd period - Slapshot by Nick Jensen.
3:34 of 2nd period - Deflect By Owen Tippett.
3:34 of 2nd period - Shot Misses the Net.
3:34 of 2nd period - Puck is out of play.
3:35 of 2nd period - Nico Hischier wins face-off versus Valeri Nichushkin in Minnesota North Stars zone.
3:58 of 2nd period - Penalty Shot by Rasmus Dahlin for Minnesota North Stars.
3:58 of 2nd period - Backhand shot by Rasmus Dahlin.
3:58 of 2nd period - Stopped by Jake Oettinger.
3:59 of 2nd period - Mikael Backlund wins face-off versus William Karlsson in Minnesota North Stars zone.
4:16 of 2nd period - Slapshot by Frank Vatrano.
4:16 of 2nd period - Stopped by Jake Oettinger with a rebound.
4:54 of 2nd period - Icing by Matt Roy.
4:55 of 2nd period - William Karlsson wins face-off versus Nico Hischier in Minnesota North Stars zone.
5:01 of 2nd period - Off-side.
5:02 of 2nd period - Evgeni Malkin wins face-off versus Jason Robertson in neutral zone.
5:19 of 2nd period - Wrist shot by Evgeni Malkin.
5:19 of 2nd period - Stopped by Jake Oettinger with a rebound.
5:59 of 2nd period - Wrist shot by Evan Rodrigues.
5:59 of 2nd period - Stopped by Jake Oettinger without a rebound.
6:00 of 2nd period - Lawson Crouse wins face-off versus Nico Hischier in Washington Capitals zone.
6:35 of 2nd period - Slapshot by Jack Hughes.
6:35 of 2nd period - Shot Misses the Net.
6:37 of 2nd period - Slapshot by Rasmus Dahlin.
6:37 of 2nd period - Stopped by Jake Oettinger with a rebound.
6:39 of 2nd period - Backhand shot by Justin Faulk.
6:39 of 2nd period - Shot Blocked by Ian Cole.
6:55 of 2nd period - Icing by Neal Pionk.
6:56 of 2nd period - Nick Foligno wins face-off versus William Karlsson in Minnesota North Stars zone.
7:06 of 2nd period - Slapshot by Frank Vatrano.
7:06 of 2nd period - Stopped by Jake Oettinger without a rebound.
7:07 of 2nd period - Jack Hughes wins face-off versus Nico Hischier in Washington Capitals zone.
7:14 of 2nd period - Slapshot by Jack Hughes.
7:14 of 2nd period - Deflect By Alex Ovechkin.
7:14 of 2nd period - Stopped by Jake Oettinger with a rebound.
7:19 of 2nd period - Off-side.
7:20 of 2nd period - Evgeni Malkin wins face-off versus Nico Hischier in neutral zone.
7:22 of 2nd period - Off-side.
7:23 of 2nd period - Evgeni Malkin wins face-off versus Nico Hischier in neutral zone.
7:50 of 2nd period - Mikael Backlund is hit by Valeri Nichushkin and loses puck.
8:01 of 2nd period - Valeri Nichushkin is hit by Brad Marchand and loses puck.
8:54 of 2nd period - Ian Cole is hit by Evgeni Malkin and loses puck.
9:05 of 2nd period - Slapshot by Jason Robertson.
9:05 of 2nd period - Stopped by Stuart Skinner with a rebound.
9:44 of 2nd period - Snap shot by Drake Batherson.
9:44 of 2nd period - Deflect By Michael McLeod.
9:44 of 2nd period - Stopped by Stuart Skinner with a rebound.
10:33 of 2nd period - Wrist shot by Fabian Zetterlund.
10:33 of 2nd period - Stopped by Stuart Skinner with a rebound.
10:35 of 2nd period - Snap shot by Drake Batherson.
10:35 of 2nd period - Stopped by Stuart Skinner with a rebound.
10:37 of 2nd period - Slapshot by Thomas Harley.
10:37 of 2nd period - Stopped by Stuart Skinner with a rebound.
10:39 of 2nd period - Slapshot by Derek Forbort.
10:39 of 2nd period - Shot Misses the Net.
10:57 of 2nd period - Wrist shot by Michael McLeod.
10:57 of 2nd period - Stopped by Stuart Skinner with a rebound.
10:59 of 2nd period - Snap shot by Fabian Zetterlund.
10:59 of 2nd period - Shot Blocked by William Eklund.
11:01 of 2nd period - Snap shot by John Carlson.
11:01 of 2nd period - Deflect By Drake Batherson.
11:01 of 2nd period - Stopped by Stuart Skinner without a rebound.
11:02 of 2nd period - Valeri Nichushkin wins face-off versus Nico Hischier in Minnesota North Stars zone.
11:32 of 2nd period - Derek Forbort is hit by Lawson Crouse.
11:40 of 2nd period - Snap shot by Evgeni Malkin.
11:40 of 2nd period - Stopped by Jake Oettinger without a rebound.
11:41 of 2nd period - Nick Foligno wins face-off versus Ryan Nugent-Hopkins in Washington Capitals zone.
11:57 of 2nd period - Off-side.
11:58 of 2nd period - Evgeni Malkin wins face-off versus Nico Hischier in neutral zone.
12:03 of 2nd period - Snap shot by Yegor Sharangovich.
12:03 of 2nd period - Shot Misses the Net.
12:05 of 2nd period - Snap shot by Evgeni Malkin.
12:05 of 2nd period - Shot Misses the Net.
12:09 of 2nd period - Wrist shot by Evgeni Malkin.
12:09 of 2nd period - Goal by Evgeni Malkin - Washington Capitals : 2 - Minnesota North Stars : 4.
12:10 of 2nd period - Nico Hischier wins face-off versus Jack Hughes in neutral zone.
12:13 of 2nd period - Wrist shot by Alex Ovechkin.
12:13 of 2nd period - Stopped by Stuart Skinner without a rebound.
12:14 of 2nd period - Nico Hischier wins face-off versus Valeri Nichushkin in Minnesota North Stars zone.
12:19 of 2nd period - Slapshot by Alex Ovechkin.
12:19 of 2nd period - Stopped by Stuart Skinner with a rebound.
13:23 of 2nd period - Minor Penalty to Neal Pionk for Slashing.
13:24 of 2nd period - Nico Hischier wins face-off versus William Karlsson in Minnesota North Stars zone.
13:57 of 2nd period - Gustav Forsling is hit by Vladimir Tarasenko and loses puck.
15:23 of 2nd period - Penalty to Neal Pionk is over, Neal Pionk is back on ice.
15:30 of 2nd period - Snap shot by Lawson Crouse.
15:30 of 2nd period - Stopped by Jake Oettinger without a rebound.
15:31 of 2nd period - Brock Nelson wins face-off versus Michael McLeod in Washington Capitals zone.
16:09 of 2nd period - Wrist shot by Valeri Nichushkin.
16:09 of 2nd period - Deflect By Brock Nelson.
16:09 of 2nd period - Stopped by Jake Oettinger with a rebound.
16:27 of 2nd period - Snap shot by Nick Foligno.
16:27 of 2nd period - Shot Blocked by Gustav Forsling.
17:27 of 2nd period - William Karlsson is hit by Jamie Oleksiak and loses puck.
18:05 of 2nd period - Snap shot by Brad Marchand.
18:05 of 2nd period - Stopped by Stuart Skinner with a rebound.
18:26 of 2nd period - Snap shot by Drake Batherson.
18:26 of 2nd period - Shot Misses the Net.
19:32 of 2nd period - Wrist shot by Vladimir Tarasenko.
19:32 of 2nd period - Shot Misses the Net.
Goals for this period are 0 for Washington Capitals vs 1 for Minnesota North Stars.
Shots for this period are 11 for Washington Capitals vs 13 for Minnesota North Stars.
3rd period
0:01 of 3rd period - Evgeni Malkin wins face-off versus Nico Hischier in neutral zone.
0:12 of 3rd period - Wrist shot by Lawson Crouse.
0:12 of 3rd period - Stopped by Jake Oettinger without a rebound.
0:13 of 3rd period - Jack Hughes wins face-off versus Nico Hischier in Washington Capitals zone.
0:14 of 3rd period - Snap shot by Valeri Nichushkin.
0:14 of 3rd period - Shot Misses the Net.
0:16 of 3rd period - Slapshot by Matt Roy.
0:16 of 3rd period - Deflect By Alex Ovechkin.
0:16 of 3rd period - Stopped by Jake Oettinger with a rebound.
0:18 of 3rd period - Snap shot by Gustav Forsling.
0:18 of 3rd period - Shot Blocked by Jason Robertson.
0:20 of 3rd period - Backhand shot by Gustav Forsling.
0:20 of 3rd period - Stopped by Jake Oettinger without a rebound.
0:21 of 3rd period - Alex Ovechkin wins face-off versus Jack Hughes in Washington Capitals zone.
0:38 of 3rd period - Off-side.
0:39 of 3rd period - Mikael Backlund wins face-off versus Evgeni Malkin in neutral zone.
0:44 of 3rd period - Snap shot by Brad Marchand.
0:44 of 3rd period - Shot Misses the Net.
0:46 of 3rd period - Slapshot by Ian Cole.
0:46 of 3rd period - Stopped by Stuart Skinner without a rebound.
0:47 of 3rd period - Evgeni Malkin wins face-off versus Mikael Backlund in Minnesota North Stars zone.
0:47 of 3rd period - Evgeni Malkin is hit by Ian Cole.
2:22 of 3rd period - Wrist shot by Jordan Kyrou.
2:22 of 3rd period - Stopped by Stuart Skinner with a rebound.
2:24 of 3rd period - Snap shot by Ian Cole.
2:24 of 3rd period - Shot Misses the Net.
2:26 of 3rd period - Slapshot by Brad Marchand.
2:26 of 3rd period - Shot Blocked by Rasmus Dahlin.
2:40 of 3rd period - Wrist shot by Brad Marchand.
2:40 of 3rd period - Shot Misses the Net.
3:11 of 3rd period - Snap shot by Jordan Kyrou.
3:11 of 3rd period - Shot Blocked by Evgeni Malkin.
3:13 of 3rd period - Slapshot by Mikael Backlund.
3:13 of 3rd period - Stopped by Stuart Skinner without a rebound.
3:14 of 3rd period - William Karlsson wins face-off versus Nico Hischier in Minnesota North Stars zone.
4:11 of 3rd period - Off-side.
4:12 of 3rd period - Jack Hughes wins face-off versus Nico Hischier in neutral zone.
4:25 of 3rd period - Slapshot by Jason Robertson.
4:25 of 3rd period - Shot Misses the Net.
4:27 of 3rd period - Wrist shot by Thomas Harley.
4:27 of 3rd period - Shot Blocked by Matt Roy.
4:29 of 3rd period - Snap shot by Alex Ovechkin.
4:29 of 3rd period - Stopped by Stuart Skinner with a rebound.
4:36 of 3rd period - Icing by Brock Nelson.
4:37 of 3rd period - Jack Hughes wins face-off versus Nick Foligno in Minnesota North Stars zone.
4:51 of 3rd period - Off-side.
4:52 of 3rd period - Jack Hughes wins face-off versus Nico Hischier in neutral zone.
4:55 of 3rd period - Slapshot by Dylan DeMelo.
4:55 of 3rd period - Shot Blocked by Nico Hischier.
5:07 of 3rd period - Slapshot by Nico Hischier.
5:07 of 3rd period - Stopped by Stuart Skinner with a rebound.
5:09 of 3rd period - Wrist shot by Jason Robertson.
5:09 of 3rd period - Shot Blocked by Neal Pionk.
5:19 of 3rd period - Vladimir Tarasenko is hit by Dylan DeMelo and loses puck.
5:33 of 3rd period - Slapshot by Neal Pionk.
5:33 of 3rd period - Stopped by Jake Oettinger without a rebound.
5:34 of 3rd period - Michael McLeod wins face-off versus Ryan Nugent-Hopkins in Washington Capitals zone.
6:21 of 3rd period - Icing by William Karlsson.
6:22 of 3rd period - Jack Hughes wins face-off versus Nick Foligno in Minnesota North Stars zone.
6:50 of 3rd period - Off-side.
6:51 of 3rd period - Nico Hischier wins face-off versus Ryan Nugent-Hopkins in neutral zone.
7:20 of 3rd period - Dylan DeMelo is hit by Derek Forbort and loses puck.
7:35 of 3rd period - Wrist shot by Alex Ovechkin.
7:35 of 3rd period - Stopped by Stuart Skinner with a rebound.
7:37 of 3rd period - Snap shot by Derek Forbort.
7:37 of 3rd period - Deflect By Nico Hischier.
7:37 of 3rd period - Shot Misses the Net.
7:37 of 3rd period - Puck is out of play.
7:38 of 3rd period - William Karlsson wins face-off versus Mikael Backlund in Minnesota North Stars zone.
7:49 of 3rd period - Wrist shot by Brad Marchand.
7:49 of 3rd period - Stopped by Stuart Skinner with a rebound.
8:13 of 3rd period - John Carlson is hit by Brock Nelson and loses puck.
8:24 of 3rd period - Minor Penalty to Nick Foligno for Roughing.
8:25 of 3rd period - Mikael Backlund wins face-off versus Evgeni Malkin in Washington Capitals zone.
10:23 of 3rd period - Frank Vatrano is hit by Ian Cole and loses puck.
10:24 of 3rd period - Penalty to Nick Foligno is over, Nick Foligno is back on ice.
10:42 of 3rd period - Slapshot by Eeli Tolvanen.
10:42 of 3rd period - Shot Blocked by Nick Jensen.
10:44 of 3rd period - Snap shot by Eeli Tolvanen.
10:44 of 3rd period - Shot Blocked by Michael McLeod.
11:41 of 3rd period - Snap shot by Eeli Tolvanen.
11:41 of 3rd period - Goal by Eeli Tolvanen - Washington Capitals : 2 - Minnesota North Stars : 5.
11:42 of 3rd period - William Karlsson wins face-off versus Jason Robertson in neutral zone.
11:50 of 3rd period - Off-side.
11:51 of 3rd period - Nico Hischier wins face-off versus William Karlsson in neutral zone.
12:12 of 3rd period - Wrist shot by William Karlsson.
12:12 of 3rd period - Stopped by Jake Oettinger without a rebound.
12:13 of 3rd period - Jack Hughes wins face-off versus Mikael Backlund in Washington Capitals zone.
12:39 of 3rd period - Jordan Kyrou is hit by Evgeni Malkin and loses puck.
12:56 of 3rd period - Snap shot by Mikael Backlund.
12:56 of 3rd period - Stopped by Stuart Skinner with a rebound.
12:58 of 3rd period - Snap shot by Jordan Kyrou.
12:58 of 3rd period - Stopped by Stuart Skinner without a rebound.
12:59 of 3rd period - Jack Hughes wins face-off versus Nico Hischier in Minnesota North Stars zone.
13:16 of 3rd period - Slapshot by Brock Nelson.
13:16 of 3rd period - Shot Blocked by Derek Forbort.
14:14 of 3rd period - Slapshot by Nico Hischier.
14:14 of 3rd period - Deflect By Alex Ovechkin.
14:14 of 3rd period - Shot Blocked by Neal Pionk.
14:14 of 3rd period - Puck is out of play.
14:15 of 3rd period - Jack Hughes wins face-off versus Nico Hischier in Minnesota North Stars zone.
14:40 of 3rd period - Valeri Nichushkin is hit by Nico Hischier and loses puck.
14:47 of 3rd period - Snap shot by Nico Hischier.
14:47 of 3rd period - Stopped by Stuart Skinner without a rebound.
14:48 of 3rd period - William Karlsson wins face-off versus Mikael Backlund in Minnesota North Stars zone.
15:19 of 3rd period - Derek Forbort is hit by Matt Roy and loses puck.
15:45 of 3rd period - Minor Penalty to Justin Faulk for Roughing.
15:46 of 3rd period - William Karlsson wins face-off versus Jason Robertson in Minnesota North Stars zone.
16:01 of 3rd period - Snap shot by Nico Hischier.
16:01 of 3rd period - Stopped by Stuart Skinner with a rebound.
16:03 of 3rd period - Slapshot by Jamie Oleksiak.
16:03 of 3rd period - Stopped by Stuart Skinner with a rebound.
16:19 of 3rd period - Rasmus Dahlin is hit by Nick Foligno and loses puck.
16:40 of 3rd period - Wrist shot by Ryan Nugent-Hopkins.
16:40 of 3rd period - Shot Blocked by Thomas Harley.
17:08 of 3rd period - Jason Robertson is hit by Frank Vatrano.
17:41 of 3rd period - Gustav Forsling is hit by Alex Ovechkin and loses puck.
17:45 of 3rd period - Penalty to Justin Faulk is over, Justin Faulk is back on ice.
17:58 of 3rd period - Snap shot by Valeri Nichushkin.
17:58 of 3rd period - Stopped by Jake Oettinger without a rebound.
17:59 of 3rd period - Michael McLeod wins face-off versus Jack Hughes in Washington Capitals zone.
18:33 of 3rd period - Wrist shot by Valeri Nichushkin.
18:33 of 3rd period - Stopped by Jake Oettinger with a rebound.
18:39 of 3rd period - Evan Rodrigues is hit by Jordan Kyrou and loses puck.
18:59 of 3rd period - Slapshot by William Karlsson.
18:59 of 3rd period - Shot Misses the Net.
19:13 of 3rd period - Snap shot by Evgeni Malkin.
19:13 of 3rd period - Shot Misses the Net.
19:44 of 3rd period - Snap shot by Ryan Nugent-Hopkins.
19:44 of 3rd period - Stopped by Jake Oettinger with a rebound.
19:49 of 3rd period - Icing by Brad Marchand.
19:50 of 3rd period - William Karlsson wins face-off versus Mikael Backlund in Washington Capitals zone.
Goals for this period are 0 for Washington Capitals vs 1 for Minnesota North Stars.
Shots for this period are 12 for Washington Capitals vs 9 for Minnesota North Stars.
Back to the Top